 Dungeon Crawl Stone Soup version 0.29-a0-653-gd47aff6735 (webtiles) character file.

Game seed: 16111544664308388763

2 zeratav the Vexing (level 1, 0/9 HPs)
             Began as a Spriggan Arcane Marksman on June 22, 2022.
             Frozen to death by an endoplasm (4 damage)
             ... on level 1 of the Dungeon.
             The game lasted 00:00:18 (246 turns).

zeratav the Vexing (Spriggan Arcane Marksman)        Turns: 246, Time: 00:00:18

Health: 0/9        AC:  2    Str:  6    XL:     1   Next: 33%
Magic:  3/3        EV: 17    Int: 14    God:
Gold:   32         SH:  0    Dex: 15    Spells: 1/2 levels left

rFire   . . .      SeeInvis +   a - +0 shortbow {bow}
rCold   . . .      Faith    .   (shield currently unavailable)
rNeg    . . .      Spirit   .   b - +0 robe
rPois   .          Reflect  .   (helmet restricted)
rElec   .          Harm     .   (no cloak)
rCorr   .          Rampage  .   (gloves unavailable)
Will    .....                   (boots unavailable)
Stlth   +.........              (no amulet)
HPRegen 0.03/turn               (no ring)
MPRegen 0.08/turn               (no ring)

@: very quick
A: very small, no large weapons, unfitting armour, see invisible, speed 3
a: no special abilities


You were on level 1 of the Dungeon.
You visited 1 branch of the dungeon, and saw 1 of its levels.

You collected 32 gold pieces.


Innate Abilities, Weirdness & Mutations

You are very small and have problems with some larger weapons.
You are too small for most types of armour.
You have supernaturally acute eyesight. (SInv)
You cover ground extremely quickly. (Speed+++)


   Skills:
 - Level 0.7 Fighting
 + Level 2.8 Bows
 - Level 2.6 Dodging
 - Level 1.3 Spellcasting
 - Level 3.6 Hexes


You had one spell level left.
You knew the following spells:

 Your Spells              Type           Power      Damage    Failure   Level
a - Slow                  Hex            44%        N/A       6%          1

Your spell library contained the following spells:

 Spells                   Type           Power      Damage    Failure   Level
 Tukima's Dance           Hex            11%        N/A       17%         3
 Inner Flame              Hex/Fire       6%         N/A       36%         3
 Portal Projectile        Hex/Tloc       12%        N/A       36%         3
 Cause Fear               Hex            5%         N/A       50%         4
 Passage of Golubria      Tloc           0%         N/A       94%         4
 Yara's Violent Unravell  Hex/Tmut       3%         3d4       98%         5

Inventory:

Hand Weapons
 a - a +0 shortbow (weapon) {bow}
Armour
 b - a +0 robe (worn)
Scrolls
 c - a scroll of vulnerability {!r!r}
 d - a scroll of fog {unknown}
 e - a scroll of poison {unknown}
 f - 2 scrolls of teleportation {unknown}
Potions
 g - a potion of degeneration {unknown}
 h - 2 potions of lignification {unknown}

Dungeon Overview and Level Annotations

Branches:
Dungeon (1/15) Zot: 5841

Altars:

##...............####.
#.. #.###.###.##......
#.#...........#.#.##.#
#...##.###.##...#.##.#
.#.#.......#.#.#.....
#...##.##...#....... #
#.#...#.#.#.#.....
#...#...#.^.#.....
#@#...#.#.#.#.....
#..#.J.##.##...#.......
##.#g#.......#.#.#†....
#...##.###.##...#..)..
#.# ........#.#.....
#..# ##.###.##...###.
..#. .........)#.###.
#### .###.###.##.....
.............#


You could see an endoplasm and a goblin.


Message History

🤖 Initializing magus.rc ...
Bad channel name for runrest: 'pray:' ✅ Successfully initialized magus.rc [v1.9.6] Welcome, zeratav the Spriggan Arcane Marksman.
Are you destined to find the splendid Orb of Zot, or to die trying?
Press ? for a list of commands and other information.
Found a scroll labelled HYXYUC OKIE.
Found a staircase leading out of the dungeon.
d - a scroll labelled HYXYUC OKIE You now have 13 gold pieces.
e - a scroll labelled MIMUCA WEEPH You now have 27 gold pieces (gained 14).
You see here a +0 hunting sling {sling}.
You now have 32 gold pieces (gained 5).
You see here a +0 spear {polearm}.
A ball python comes into view.
A ball python is nearby!
You shoot an arrow. The arrow hits the ball python.
You kill the ball python!
No target in view!
No target in view!
No target in view!
Found a stone staircase leading down.
f - a scroll labelled LOOJAN DAEGGUPAOH
There is a stone staircase leading down here.
f - 2 scrolls labelled LOOJAN DAEGGUPAOH (gained 1)
g - a fizzy blue potion No target in view!
A goblin comes into view. It is wielding a +0 club.
The goblin shouts!
You shoot an arrow. The arrow hits the goblin.
You shoot an arrow. The arrow closely misses the goblin.
You shoot an arrow. The arrow hits the goblin.
You kill the goblin!
No target in view!
No target in view!
Things that are here:
a +0 club {mace}; a goblin corpse A frilled lizard comes into view.
The frilled lizard hisses angrily.
A frilled lizard is nearby!
You shoot an arrow. The arrow hits the frilled lizard!
You kill the frilled lizard!
No target in view!
No target in view!
You see here a frilled lizard corpse.
You pick up Great Wizards, Vol.
VII and begin reading...
You add the spells Tukima's Dance, Passage of Golubria and Yara's Violent Unravelling to your library.
h - 2 clear potions A goblin comes into view.
It is wielding a +0 club.
No reachable target in view!
No reachable target in view!
A goblin is nearby!
What are your orders? t - Shout!
Orders for allies: a - Attack new target. r - Retreat! s - Stop attacking. g - Guard the area. f - Follow me.
Anything else - Cancel.
You shout for attention!
The goblin shouts!
An endoplasm comes into view.
The endoplasm hits you.
HP[-1]
You take 1 damage, and now have 8/9 hp.
You shoot an arrow.
The arrow hits the endoplasm but does no damage.
The endoplasm freezes you.
You are frozen.
* * * LOW HITPOINT WARNING * * *
The endoplasm freezes you.
You are frozen.
You die...

Action                   || total
-------------------------++-------
 Fire: Shortbow          ||     6

Levels and vault maps discovered:
D:1:      roderic_dead_forest, layout_loops_cross,
          corexii_item_surrounded_by_moat,
          nicolae_concentric_dashed_squares_mild, minmay_misc_feat_diagonals

Notes
Turn   | Place    | Note
-------+----------+-------------------------------------------
     0 | D:1      | zeratav the Spriggan Arcane Marksman began the quest for
                  | the Orb.
     0 | D:1      | Reached XP level 1. HP: 9/9 MP: 3/3
     0 | D:1      | magus.rc [v1.9.6]
   230 | D:1      | You add the spells Tukima's Dance, Passage of Golubria and
                  | Yara's Violent Unravelling to your library.
   246 | D:1      | Frozen to death by an endoplasm

Vanquished Creatures
  A goblin (D:1)
  A ball python (D:1)
  A frilled lizard (D:1)
3 creatures vanquished.

Table legend:
 A = Non-vault XP
 B = Vault XP
 C = Vault XP percentage of total XP
 D = Non-vault monster count
 E = Vault monster count
 F = Vault count percentage of total count
                 A         B        C        D         E       F
            +---------+---------+-------+---------+---------+-------
      Total |       4 |       0 |   0.0 |       3 |       0 |   0.0
            +---------+---------+-------+---------+---------+-------
        D:1 |       4 |       0 |   0.0 |       3 |       0 |   0.0
            +---------+---------+-------+---------+---------+-------

Illustrated notes

Table legend:
 A = Kills in this place as a percentage of kills in entire the game.
 B = Kills by you in this place as a percentage of kills by you in the entire game.
 C = Kills by friends in this place as a percentage of kills by friends in the entire game.
 D = Other kills in this place as a percentage of other kills in the entire game.
 E = Experience gained in this place as a percentage of experience gained in the entire game.
 F = Experience gained in this place divided by the number of levels of this place that you have seen.
                   A       B       C       D       E      F
               +-------+-------+-------+-------+-------+----------------------
         Total | 100.0 | 100.0 |   N/A |   N/A | 100.0 |   4.0
       Dungeon | 100.0 | 100.0 |   N/A |   N/A | 100.0 |   4.0
               +-------+-------+-------+-------+-------+----------------------

Table legend: (Time is in decaauts)
 A = Elapsed time spent in this place.
 B = Non-inter-level travel time spent in this place.
 C = Inter-level travel time spent in this place.
 D = Time resting spent in this place.
 E = Time spent auto-exploring this place.
 F = Levels seen in this place.
 G = Mean time per level.
                   A        B        C        D        E       F      G
               +--------+--------+--------+--------+--------+-----+--------+
         Total |    157 |    157 |      0 |      0 |    136 |   1 |  157.0 |
       Dungeon |    157 |    157 |      0 |      0 |    136 |   1 |  157.0 |
               +--------+--------+--------+--------+--------+-----+--------+

Top non-repeatable levels by time:
     D:1: 157 daAuts
